 Dungeon Crawl Stone Soup version 0.31-a0-1395-g7c67ea8c80 (webtiles) character file.

Game seed: 3360869245710555100

250 Bnni the Digger (level 6, 0/45 HPs)
             Began as a Formicid Earth Elementalist on Dec 25, 2023.
             Slain by an iron imp (6 damage)
             ... summoned by Eustachio
             ... on level 3 of the Dungeon.
             The game lasted 00:04:31 (3266 turns).

Bnni the Digger (Formicid Earth Elementalist)       Turns: 3266, Time: 00:04:31

Health: 0/45       AC:  4    Str: 13    XL:     6   Next: 35%
Magic:  2/10       EV: 12    Int: 16    God:
Gold:   165        SH:  0    Dex: 14    Spells: 5/11 levels left

rFire   . . .        i - +0 trident
rCold   + . .        (no shield)
rNeg    . . .        g - +1 robe {rC+}
rPois   .            (helmet unavailable)
rElec   .            (no cloak)
rCorr   .            (no gloves)
SInv    +            m - +0 pair of boots
Will    .....        (no amulet)
Stlth   ++           (no ring)
HPRegen 0.27/turn    (no ring)
MPRegen 0.12/turn

%: no passive effects
@: no status effects
A: permanent stasis, dig shafts and tunnels, antennae 3, four strong arms
a: Dig, Shaft Self


You were on level 3 of the Dungeon.
You visited 1 branch of the dungeon, and saw 4 of its levels.

You collected 165 gold pieces.

Inventory:

Hand Weapons
 i - a +0 trident (weapon)
Missiles
 j - 5 poisoned darts
Armour
 c - a +1 ring mail of willpower
 g - a +1 robe of cold resistance (worn)
 m - a +0 pair of boots (worn)
Scrolls
 a - a scroll of torment {unknown}
 f - 2 scrolls of teleportation {unknown}
 h - a scroll of poison {unknown}
 k - a scroll of enchant armour {unknown}
 l - a scroll of blinking {unknown}
Potions
 b - a potion of magic
 d - 2 potions of curing {unknown}
 e - a potion of might {unknown}
 n - a potion of brilliance {unknown}


   Skills:
 + Level 2.3 Fighting
 - Level 1.7 Dodging
 - Level 2.4 Stealth
 + Level 3.2 Spellcasting
 * Level 2.3 Conjurations
 * Level 5.6 Earth Magic
 - Level 2.0 Alchemy


You had 5 spell levels left.
You knew the following spells:

 Your Spells              Type           Power      Damage    Failure   Level
a - Sandblast             Erth           40%        2d10      1%          1
b - Passwall              Alch/Erth      11%        N/A       6%          2
c - Stone Arrow           Conj/Erth      30%        3d8       11%         3

Your spell library contained the following spells:

 Spells                   Type           Power      Damage    Failure   Level
 Magic Dart               Conj           40%        1d5       7%          1
 Call Imp                 Summ           4%         N/A       28%         2
 Scorch                   Fire           4%         2d5       28%         2
 Brom's Barrelling Bould  Conj/Erth      15%        2d4       34%         4
 Petrify                  Alch/Erth      14%        N/A       36%         4
 Flame Wave               Conj/Fire      6%         2d5       75%         4
 Summon Cactus Giant      Summ           1%         N/A       100%        6
 Blink                    Tloc           Unusable   N/A       N/A         2

Dungeon Overview and Level Annotations

Branches:
Dungeon (4/15)
 Temple: D:4-7

Altars:
Nemelex Xobeh

Shops:
D:1 *(([

Annotations:
D:3 2 transporters, Eustachio
D:4 Robin


Innate Abilities, Weirdness & Mutations

You cannot be hasted, slowed, berserked, paralysed or teleported.
You can dig through walls and to a lower floor.
You have a pair of large antennae on your head. (SInv)
Your four strong arms can wield two-handed weapons with a shield.


Message History

There is a stone staircase leading down here.
Unknown command.
You hit the goblin.
The goblin is heavily wounded.
The ufetubus hits you but does no damage.
The ufetubus hits you.
Eustachio gestures wildly while chanting.
Eustachio blinks!
The iron imp hits you. The ufetubus hits you. The ufetubus misses you.
The goblin misses you. The goblin completely misses you.
You closely miss the goblin.
The goblin is heavily wounded.
The ufetubus barely misses you. The ufetubus closely misses you.
The iron imp barely misses you. The goblin barely misses you.
The goblin closely misses you. The ufetubus hits you. The ufetubus misses you.
Unknown command.
You closely miss the goblin.
The goblin is heavily wounded.
The ufetubus hits you.
The ufetubus hits you but does no damage.
The goblin hits you with a +0 dagger.
* * * LOW HITPOINT WARNING * * *
The goblin misses you.
The iron imp hits you but does no damage.
The ufetubus closely misses you. x2
You barely miss the goblin.
The goblin is heavily wounded.
The goblin completely misses you. The goblin barely misses you.
The ufetubus hits you.
* * * LOW HITPOINT WARNING * * *
The ufetubus hits you.
* * * LOW HITPOINT WARNING * * *
The iron imp completely misses you.
Eustachio gestures wildly while chanting.
The goblin hits you with a +0 dagger.
* * * LOW HITPOINT WARNING * * *
The ufetubus barely misses you. x2; The goblin hits you but does no damage.
The ufetubus disappears in a puff of smoke!
The iron imp hits you.
You die...

######## ######## #......#
#......# #......#
#......##########
#......#####......#........#
###...............#........#
#######.####................'
#...........................#
###.#####.####g######.>.......#
#.[<.......@gg@5§..............
#.#######r####5######.######...
#.......{{............# ###...
########.....##.##..######.....
#######.#P.P#..# #......##
#....####≈.≈##.###......##
#.♣.♣.##≈≈.≈≈###.......)..
#.....P≈≈≈.≈≈≈P#.....##...
#..8.................##...


You could see Eustachio, an iron imp (summoned), a river rat (summoned), an
ufetubus (summoned), a hobgoblin and 2 goblins.

Vanquished Creatures
  An ogre (D:3)
  A bombardier beetle (D:3)
  4 gnolls (D:3)
  An adder (D:2)
  2 worms
  3 dart slugs
  5 endoplasms
  4 giant cockroaches
  5 goblins
  9 hobgoblins
  2 jackals (D:1)
  3 kobolds
  7 quokkas
  3 ball pythons
  6 bats
  4 frilled lizards
  25 rats
85 creatures vanquished.

Notes
Turn   | Place    | Note
-------+----------+-------------------------------------------
     0 | D:1      | Bnni the Formicid Earth Elementalist began the quest for
                  | the Orb.
     0 | D:1      | Reached XP level 1. HP: 13/13 MP: 3/3
   180 | D:1      | Reached XP level 2. HP: 18/19 MP: 0/5
   335 | D:1      | Learned a level 2 spell: Passwall
   387 | D:1      | Reached skill level 4 in Earth Magic
   398 | D:1      | Found Pyruiw's Assorted Antiques.
   414 | D:1      | Found Jaicur's Weapon Shop.
   415 | D:1      | Found Catoorch's Antique Armour Shop.
   813 | D:1      | Found Yguuchoh's Weapon Shop.
  1055 | D:2      | Reached skill level 1 in Fighting
  1055 | D:2      | Reached XP level 3. HP: 26/26 MP: 2/6
  1061 | D:2      | Learned a level 3 spell: Stone Arrow
  1327 | D:2      | Found a sparkling altar of Nemelex Xobeh.
  1471 | D:2      | Reached XP level 4. HP: 32/32 MP: 6/8
  2281 | D:3      | Noticed a small abomination
  2281 | D:3      | Noticed a small abomination
  2501 | D:3      | Found a transporter.
  2516 | D:3      | Noticed a small abomination
  2539 | D:3      | Reached skill level 1 in Conjurations
  2539 | D:3      | Reached XP level 5. HP: 38/38 MP: 4/9
  2582 | D:3      | Found a transporter.
  2606 | D:3      | Reached skill level 5 in Earth Magic
  2678 | D:3      | Noticed an ogre
  2697 | D:3      | Killed an ogre
  2698 | D:3      | Reached XP level 6. HP: 44/44 MP: 5/10
  3140 | D:4      | Noticed Eustachio
  3244 | D:4      | Noticed Robin
  3266 | D:3      | Slain by an iron imp

Illustrated notes

Levels and vault maps discovered:
D:1:      tarquinn_simple_flora_water_e, layout_basic, serial_shops, shop, shop,
          shop, nicolae_shop_bloodbath_and_beyond
D:2:      layout_basic, basic_altar
D:3:      layout_basic, gammafunk_ghost_abyssal_escape, minmay_misc_feat_roman,
          dreamdust_princess_bridge, minmay_rat_hole
D:4:      cheibrodos_pilgrimage, layout_cave_pools, due_unseen_surprise,
          uniq_eustachio, uniq_robin

Skill      XL: |  1  2  3  4  5 |
---------------+----------------+-----
Alchemy        | 2 |  2.0
Earth Magic    | 4 5 |  5.6
Fighting       | 1 2 |  2.3
Conjurations   | 1 2 |  2.3
Spellcasting   | 3 |  3.2
Dodging        | |  1.7
Stealth        | |  2.4

Action                     |  1- 3 |  4- 6 || total
---------------------------+-------+-------++-------
  Melee: Unarmed           |    16 |       ||    16
         Punch             |     1 |       ||     1
         Dagger            |     3 |       ||     3
         Trident           |     4 |    36 ||    40
  Throw: Dart              |       |     4 ||     4
   Cast: Sandblast         |    45 |    75 ||   120
   Stab: Sleeping          |       |     1 ||     1
         Distracted        |       |     1 ||     1
 Armour: Ring mail         |    14 |       ||    14
         Robe              |     6 |    53 ||    59
  Dodge: Dodged            |    32 |    84 ||   116

Table legend: (Time is in decaauts)
 A = Elapsed time spent in this place.
 B = Non-inter-level travel time spent in this place.
 C = Inter-level travel time spent in this place.
 D = Time resting spent in this place.
 E = Time spent auto-exploring this place.
 F = Levels seen in this place.
 G = Mean time per level.
                   A        B        C        D        E       F      G
               +--------+--------+--------+--------+--------+-----+--------+
         Total |   3338 |   3232 |    106 |     76 |   2590 |   4 |  834.5 |
       Dungeon |   3338 |   3232 |    106 |     76 |   2590 |   4 |  834.5 |
               +--------+--------+--------+--------+--------+-----+--------+

Top non-repeatable levels by time:
     D:3: 1168 daAuts
     D:2: 1151 daAuts
     D:1: 995 daAuts
     D:4: 24 daAuts
